 Dungeon Crawl Stone Soup version 0.29-a0-732-g3d7fbe0af2 (webtiles) character file.

Game seed: 3472401427773837738

59 tevo3000 the Chopper (level 3, 0/28 HPs)
             Began as a Demonspawn Gladiator on June 30, 2022.
             Was a Plaything of Xom.
             Slain by a scorpion (2 damage)
             ... on level 4 of the Dungeon.
             The game lasted 00:14:54 (2609 turns).

tevo3000 the Chopper (Demonspawn Gladiator)         Turns: 2609, Time: 00:14:55

Health: 0/28       AC:  5    Str: 16    XL:     3   Next: 78%
Magic:  3/3        EV: 10    Int:  9    God:    Xom [...*..]
Gold:   149        SH:  7    Dex: 14    Spells: 2/2 levels left

rFire   x . .      SeeInvis .   a - +0 war axe
rCold   + . .      Faith    .   l - +0 kite shield
rNeg    . . .      Spirit   .   b - +0 leather armour
rPois   .          Reflect  .   (helmet restricted)
rElec   .          Harm     .   (no cloak)
rCorr   .          Rampage  .   z - +0 pair of gloves
Will    .....                   n - +0 pair of boots
Stlth   +.........              (no amulet)
HPRegen 0.09/turn               s - ring of flight
MPRegen 0.08/turn               y - ring of ice

@: brilliant, attractive, flying
A: horns 1, powered by pain 1
a: Renounce Religion


You were on level 4 of the Dungeon.
You worshipped Xom.
You were a favourite toy of Xom.
You visited 1 branch of the dungeon, and saw 4 of its levels.

You collected 149 gold pieces.

Inventory:

Hand Weapons
 a - a +0 war axe (weapon)
 i - a +1 dagger of draining
Missiles
 d - 3 throwing nets (quivered)
 e - a javelin
Armour
 b - a +0 leather armour (worn)
 c - a +0 helmet
 l - a +0 kite shield (worn)
 n - a +0 pair of boots (worn)
 z - a +0 pair of gloves (worn)
Jewellery
 s - a ring of flight (left hand)
 y - a ring of ice (right hand)
Scrolls
 f - a scroll of fear {unknown}
 h - 6 scrolls of identify {unknown}
 j - a scroll of acquirement {unknown}
 k - a scroll of fog {unknown}
 o - 2 scrolls of blinking {unknown}
 p - a scroll of enchant weapon {unknown}
 t - a scroll of teleportation {unknown}
 u - 4 scrolls of noise {unknown}
 w - a scroll of poison {unknown}


   Skills:
 * Level 2.7 Fighting
 + Level 3.3 Axes
 - Level 1.7 Throwing
 + Level 0.7 Armour
 + Level 3.0 Dodging
 + Level 0.6 Shields


You had 2 spell levels left.
You didn't know any spells.
Your spell library contained the following spells:

 Spells                   Type           Power      Damage    Failure   Level
 Sting                    Tmut/Pois      0%         1d3       87%         1
 Poisonous Vapours        Pois/Air       0%         N/A       95%         2
 Conjure Flame            Conj/Fire      0%         6-21      99%         3
 Ignite Poison            Fire/Tmut/Pois 0%         N/A       99%         3
 Olgreb's Toxic Radiance  Pois           0%         N/A       100%        4
 Sticky Flame             Conj/Fire      0%         2d3       100%        4


Dungeon Overview and Level Annotations

Branches:
Dungeon (4/15)
 Temple: D:4-7

Altars:
Kikubaaqudgha
Vehumet
Xom

Shops:
D:3 *


Innate Abilities, Weirdness & Mutations

You have a pair of small horns on your head.
You sometimes gain a little power by taking damage.


Message History

The black bear claws your quasit.
Your shadow imp closely misses the black bear.
Your crimson imp closely misses the black bear.
You slash the black bear! Your headbutt misses the black bear.
The black bear is almost dead.
You barely miss the scorpion.
* * * LOW HITPOINT WARNING * * *
You feel sick.
Your quasit bites the black bear but does no damage.
Your quasit barely misses the black bear.
Your quasit claws the black bear.
The scorpion barely misses you.
An orc comes into view. It is wielding a +0 club.
The black bear goes berserk!
Your shadow imp barely misses the black bear.
Your crimson imp barely misses the black bear.
Your quasit closely misses the black bear.
Your quasit claws the black bear.
Your quasit claws the black bear but does no damage.
You block the scorpion's attack. The orc is attracted toward you.
It was a potion of brilliance.
You feel clever all of a sudden.
You feel sick.
The black bear bites your quasit but does no damage.
The black bear completely misses your quasit. x2
Your quasit closely misses the black bear.
Your quasit barely misses the black bear. x2
The orc barely misses your shadow imp.
Your shadow imp hits the black bear.
Your crimson imp hits the black bear but does no damage.
The scorpion stings you but does no damage.
The black bear bites your quasit!
Your quasit dies!
Your quasit disappears in a puff of smoke!
The orc is attracted toward you. The orc attacks as you move away!
The orc hits you but does no damage. The scorpion attacks as you move away!
You block the scorpion's attack.
Found a battleaxe.
You feel sick.
You are no longer poisoned.
The scorpion attacks as you move away! The scorpion stings you.
You die... "I guess I need a new plaything now."

#). #.# #.# #
#.# #.#
#.####.#.#
#........
####...##.####
+...@s........
####oh..?.##
##55...#
#)...(#
#.<...#
##...## ##.##
.# .#


You could see a black bear (berserk, ally target), a scorpion, an orc, a
friendly crimson imp (summoned) and a friendly shadow imp (summoned).

Vanquished Creatures
  2 adders (D:3)
  2 dart slugs
  4 orcs (D:3)
  3 ball pythons (D:2)
  2 bats
  5 goblins
  A hobgoblin (D:2)
  2 jackals (D:1)
  2 kobolds (D:1)
  4 quokkas
  2 frilled lizards (D:2)
  2 rats
31 creatures vanquished.

Notes
Turn   | Place    | Note
-------+----------+-------------------------------------------
     0 | D:1      | tevo3000 the Demonspawn Gladiator began the quest for the
                  | Orb.
     0 | D:1      | Reached XP level 1. HP: 16/16 MP: 1/1
     0 | D:1      | Found an ancient bone altar of Kikubaaqudgha.
   251 | D:1      | Gained mutation: You sometimes gain a little power by
                  | taking damage. [demonic ancestry]
   251 | D:1      | Reached XP level 2. HP: 20/22 MP: 2/2
  1455 | D:2      | Gained mutation: You have a pair of small horns on your
                  | head. [demonic ancestry]
  1455 | D:2      | Reached XP level 3. HP: 18/28 MP: 3/3
  1702 | D:3      | Found a radiant altar of Vehumet.
  1706 | D:3      | Found Gilitox's Assorted Antiques.
  1905 | D:3      | Found a shimmering altar of Xom.
  1974 | D:3      | Became a worshipper of Xom the Fickle
  2082 | D:3      | XOM: silly message
  2448 | D:3      | XOM: divination: detect creatures
  2596 | D:4      | Noticed a black bear
  2597 | D:4      | Noticed a scorpion
  2604 | D:4      | XOM: summons 3 friendly demons
  2609 | D:4      | Slain by a scorpion

Illustrated notes

Levels and vault maps discovered:
D:1:      sevenhm_arrival_forest_fort_small_6, layout_basic,
          shapermc_ecumenical_altar_pompeii
D:2:      layout_rooms, uniq_crazy_yiuf_cottage
D:3:      layout_rooms, mainiacjoe_overflow_paths, mainiacjoe_overflow_alcove_1,
          serial_shops, shop
D:4:      layout_loops_corners, nicolae_shop_fire_sale [nicolae_sub_dead_trees]

Skill      XL: |  1  2  3 |
---------------+----------+-----
Axes           | 3 |  3.3
Dodging        | 3 |  3.0
Fighting       | |  2.7
Throwing       | |  1.7
Armour         | |  0.7
Shields        | |  0.6

Action                   || total
-------------------------++-------
Melee: War axe           ||   101
       Headbutt          ||     4
  Use: Potion            ||     7
Armor: Leather armour    ||    46
Dodge: Dodged            ||    83
Block: Kite shield       ||    43

Table legend: (Time is in decaauts)
 A = Elapsed time spent in this place.
 B = Non-inter-level travel time spent in this place.
 C = Inter-level travel time spent in this place.
 D = Time resting spent in this place.
 E = Time spent auto-exploring this place.
 F = Levels seen in this place.
 G = Mean time per level.
                   A        B        C        D        E       F      G
               +--------+--------+--------+--------+--------+-----+--------+
         Total |   2655 |   2569 |     86 |    378 |   1664 |   4 |  663.8 |
       Dungeon |   2655 |   2569 |     86 |    378 |   1664 |   4 |  663.8 |
               +--------+--------+--------+--------+--------+-----+--------+

Top non-repeatable levels by time:
     D:1: 965 daAuts
     D:3: 935 daAuts
     D:2: 741 daAuts
     D:4: 14 daAuts
